 Dungeon Crawl Stone Soup version 0.19.4-10-g532645f (webtiles) character file.

4153 Mesmaeker13 the Fighter (level 10, -10/111 HPs)
             Began as an Ogre Hunter on Feb 24, 2017.
             Was an Initiate of the Shining One.
             Mangled by a manticore (13 damage)
             ... on level 8 of the Dungeon.
             The game lasted 00:23:32 (13225 turns).

Mesmaeker13 the Fighter (Ogre Hunter)              Turns: 13225, Time: 00:23:33

Health: -10/111    AC:  3    Str: 26    XL:     10   Next: 28%
Magic:  10/10      EV: 12    Int: 17    God:    the Shining One [......]
Gold:   176        SH:  0    Dex: 10    Spells: 0 memorised, 9 levels left

rFire  . . .     SeeInvis +     v - +0 flail
rCold  . . .     Gourm    .     e - +0 robe "Joudyxt" {+Inv Stlth+}
rNeg   + . .     Faith    .     (no shield)
rPois  .         Spirit   .     (helmet restricted)
rElec  .         Reflect  .     (no cloak)
rCorr  .         Harm     .     (gloves unavailable)
MR     +....                    (boots unavailable)
Stlth  +.........               Q - amulet of regeneration
                                r - ring of see invisible
                                q - ring "Gurih" {rN+ Int+6 Slay+6}

@: mighty, barbed spikes, glowing
A: unfitting armour, tough skin 1
a: Renounce Religion, Evoke Invisibility


You were on level 8 of the Dungeon.
You worshipped the Shining One.
The Shining One was noncommittal.
You were full.

You visited 2 branches of the dungeon, and saw 10 of its levels.

You collected 506 gold pieces.
You spent 330 gold pieces at shops.

Inventory:

Hand Weapons
 v - a +0 flail (weapon)
 H - the +7 halberd "Licoidgho" {chop, rElec}
   (You found it on level 7 of the Dungeon)

   It inflicts extra damage upon your enemies.
   It insulates you from electricity.
Missiles
 i - 9 tomahawks (quivered)
 k - 30 poisoned needles
 J - 2 throwing nets
Armour
 e - the +0 robe "Joudyxt" (worn) {+Inv Stlth+}
   (You acquired it on level 7 of the Dungeon)

   It lets you turn invisible.
   It makes you more stealthy.
 n - a +0 large shield
Jewellery
 g - an uncursed ring of ice
 q - the ring "Gurih" (left hand) {rN+ Int+6 Slay+6}
   (You found it on level 8 of the Dungeon)

   [ring of positive energy]

   It affects your intelligence (+6).
   It affects your accuracy and damage with ranged weapons and melee attacks
   (+6).
   It protects you from negative energy.
 r - a ring of see invisible (right hand)
 P - an uncursed ring of protection from magic
 Q - an amulet of regeneration (around neck)
Wands
 w - a wand of flame (23/48)
 F - a wand of acid (0/15)
Scrolls
 h - 7 scrolls of immolation
 l - 3 scrolls of remove curse
 m - 2 scrolls of magic mapping
 s - a scroll of amnesia {unknown}
 y - 2 scrolls of enchant weapon {unknown}
 M - a scroll of enchant armour {unknown}
Potions
 a - a potion of flight {unknown}
 c - a potion of brilliance {unknown}
 d - a potion of degeneration {unknown}
 t - 3 potions of haste
 u - 2 potions of lignification
 B - a potion of cancellation
 C - a potion of invisibility {unknown}
 I - 2 potions of heal wounds {unknown}
 L - 2 potions of agility {unknown}
Books
 N - a book of Air

   Spells                             Type                      Level
   a - Shock                          Conjuration/Air              1
   b - Swiftness                      Charms/Air                   2
   c - Repel Missiles                 Charms/Air                   2
   d - Static Discharge               Conjuration/Air              3
   e - Lightning Bolt                 Conjuration/Air              5
Comestibles
 b - 2 chunks of flesh
 f - 2 bread rations
 j - 4 beef jerkies
 p - 3 meat rations
 D - 8 fruits


   Skills:
 + Level 10.4 Fighting
 + Level 10.0 Maces & Flails
 - Level 7.0 Throwing
 + Level 7.3 Dodging
 - Level 0.6 Stealth


You had 9 spell levels left.
You didn't know any spells.

Dungeon Overview and Level Annotations

Branches:
Dungeon (9/15)             Temple (1/1) D:5             Orc (0/2) D:9
   Lair: D:8-11

Altars:
Ashenzari
Cheibriados
Dithmenos
Elyvilon
Fedhas
Hepliaklqana
Kikubaaqudgha
Makhleb
Sif Muna
Trog
Uskayaw
Vehumet
Yredelemnul
Zin
The Shining One

Shops:
D:6 (*=*%

Annotations:
D:9 Psyche


Innate Abilities, Weirdness & Mutations

You are too large for most types of armour.
You have tough skin. (AC +1)


Message History

The manticore closely misses you. The manticore claws you! x2
You hit the manticore.
The manticore is heavily wounded.
The manticore bites you!
* * * LOW HITPOINT WARNING * * *
The manticore claws you!
* * * LOW HITPOINT WARNING * * *
The manticore claws you.
* * * LOW HITPOINT WARNING * * *
You feel very mighty all of a sudden. The manticore misses you.
The manticore claws you but does no damage.
The manticore claws you!
* * * LOW HITPOINT WARNING * * *
You barely miss the manticore.
The manticore is heavily wounded.
The manticore bites you! The Shining One protects you from harm!
The manticore claws you!
You die...

#...##...####...####
#.........'.##_##..'
#..<......#..###...#
#.........#........#
#.........#........#
#.........#........#
#.........#........#
#.........#........'
#..@.....####'##...#
#...H....##...##...#
#........#.........#
#........#.........#
#........#.........#
#........#.........#
#........#.........#
#........#..........
#........#..........


You could see a manticore.

Vanquished Creatures
  Joseph (D:7)
  2 hippogriffs
  Sigmund (D:5)
  A hungry ghost (D:8)
  Menkaure (D:4)
  The ghost of oplop the Changer, an amateur OpTm (D:5)
  An orc warrior (D:8)
  2 sky beasts
  An eye of draining (D:7)
  A black bear (D:8)
  2 ogres (D:4)
  2 centaurs (D:7)
  A gnoll sergeant (D:7)
  2 bullfrogs
  A scorpion (D:6)
  A water moccasin skeleton (D:8)
  13 killer bees
  3 howler monkeys
  5 hounds
  3 crimson imps
  A jelly (D:8)
  A centaur skeleton (D:7)
  6 orc priests
  A bullfrog skeleton (D:8)
  2 iguanas
  6 orc wizards
  3 worker ants
  A worker ant zombie (D:6)
  A howler monkey zombie (D:8)
  14 adders
  11 gnolls
  An adder zombie (D:5)
  2 worms
  2 dart slugs
  7 leopard geckos
  24 orcs
  2 ball pythons
  6 bats
  2 giant cockroaches
  6 goblins
  3 hobgoblins
  13 jackals
  A quokka (D:2)
  3 frilled lizards
  6 kobolds
  A quokka skeleton (D:8)
  7 rats
178 creatures vanquished.

Notes
Turn   | Place    | Note
-------+----------+-------------------------------------------
     0 | D:1      | Mesmaeker13 the Ogre Hunter began the quest for the Orb.
     0 | D:1      | Reached XP level 1. HP: 22/22 MP: 1/1
   289 | D:1      | Reached XP level 2. HP: 15/31 MP: 2/2
  1464 | D:1      | Reached XP level 3. HP: 36/37 MP: 3/3
  2479 | D:2      | Reached skill level 1 in Maces & Flails
  2479 | D:2      | Reached XP level 4. HP: 38/48 MP: 4/4
  3653 | D:3      | Found a faded altar of an unknown god.
  4117 | D:3      | Reached XP level 5. HP: 51/55 MP: 5/5
  5018 | D:4      | Found a shattered altar of Ashenzari.
  5060 | D:4      | Reached XP level 6. HP: 29/65 MP: 6/6
  6085 | D:4      | Reached skill level 5 in Fighting
  6085 | D:4      | Reached skill level 5 in Throwing
  6281 | D:4      | Noticed a sky beast
  6295 | D:4      | Killed a sky beast
  6295 | D:4      | Reached XP level 7. HP: 15/72 MP: 7/7
  6922 | D:4      | Noticed Menkaure
  6928 | D:4      | Killed Menkaure
  7083 | D:5      | Entered Level 5 of the Dungeon
  7146 | D:5      | Noticed oplop's ghost (amateur OpTm)
  7149 | D:5      | Killed oplop's ghost
  7149 | D:5      | Reached skill level 5 in Maces & Flails
  7149 | D:5      | Reached XP level 8. HP: 83/83 MP: 8/8
  7164 | D:5      | Noticed Sigmund
  7170 | D:5      | Killed Sigmund
  7393 | D:5      | Reached skill level 5 in Dodging
  7963 | D:5      | Found a staircase to the Ecumenical Temple.
  7972 | Temple   | Entered the Ecumenical Temple
  8713 | D:6      | Found Niotoot's General Store.
  8957 | D:6      | Found Yrupnar's Jewellery Shoppe.
  9301 | D:6      | Found Gaefani's Weapon Boutique.
  9338 | D:6      | Found Jiprog's General Store.
  9666 | D:6      | Found a bloodstained altar of Trog.
  9667 | D:6      | Found Ilack's Food Emporium.
  9898 | D:7      | Reached XP level 9. HP: 79/94 MP: 7/9
 10754 | D:7      | Noticed Joseph
 10766 | D:7      | Identified a scroll of acquirement
 10769 | D:7      | Got an ancient robe
 10780 | D:7      | Identified the +0 robe "Joudyxt" {+Inv Stlth+} (You acquired it on level 7 of the Dungeon)
 10817 | D:7      | Killed Joseph
 11112 | D:7      | Got a steaming halberd
 11660 | D:6      | Bought an uncursed amulet of regeneration for 330 gold pieces
 11668 | D:6      | Identified the +7 halberd "Licoidgho" {chop, rElec} (You found it on level 7 of the Dungeon)
 11962 | D:9      | Noticed a manticore
 11966 | D:9      | Found a staircase to the Orcish Mines.
 11980 | D:9      | Noticed Psyche
 12142 | D:8      | Found a hide-covered altar of Uskayaw.
 12142 | D:8      | Found a bloodstained altar of Trog.
 12147 | D:8      | Found a deep blue altar of Sif Muna.
 12149 | D:8      | Found a burning altar of Makhleb.
 12151 | D:8      | Found a white marble altar of Elyvilon.
 12317 | D:8      | Reached XP level 10. HP: 105/110 MP: 10/10
 12326 | D:8      | Got a glittering gossamer ring
 12328 | D:8      | Identified the ring "Gurih" {rN+ Int+6 Slay+6} (You found it on level 8 of the Dungeon)
 12429 | D:8      | Reached skill level 10 in Fighting
 13061 | D:8      | Found a glowing golden altar of the Shining One.
 13069 | D:8      | Reached skill level 10 in Maces & Flails
 13136 | D:8      | Became a worshipper of the Shining One
 13224 | D:8      | HP: 3/111 [manticore (7)]
 13225 | D:8      | The Shining One protects you from harm!
 13225 | D:8      | Mangled by a manticore

Skill      XL: |  1  2  3  4  5  6  7  8  9 10 |
---------------+-------------------------------+-----
Fighting       | 3 4 5 6 7 9 10 | 10.4
Dodging        | 2 3 4 5 6 7 |  7.3
Maces & Flails | 1 3 4 5 7 9 10 | 10.0
Throwing       | 5 6 7 |  7.0
Stealth        | |  0.6

Action                   |  1- 3 |  4- 6 |  7- 9 | 10-12 || total
-------------------------+-------+-------+-------+-------++-------
Melee: Short sword       |   110 |       |       |       ||   110
       Club              |    56 |    61 |       |       ||   117
       Flail             |       |    62 |   321 |    83 ||   466
Throw: Large rock        |     4 |    45 |    21 |     5 ||    75
       Throwing net      |       |     3 |     9 |       ||    12
       Stone             |       |       |     9 |       ||     9
       Tomahawk          |       |       |    19 |     7 ||    26
Evoke: Wand              |       |       |     8 |       ||     8
  Use: Scroll            |       |     2 |    12 |     3 ||    17
       Potion            |       |       |     5 |     2 ||     7
 Stab: Sleeping          |       |     1 |     4 |       ||     5
       Held in net/web   |       |     1 |     2 |       ||     3
  Eat: Bread ration      |     1 |       |       |     2 ||     3
       Chunk             |     1 |    12 |    19 |       ||    32
Armor: Robe              |    59 |    19 |    52 |    11 ||   141
       Skin              |       |       |     1 |       ||     1
Dodge: Dodged            |   106 |    84 |   223 |    60 ||   473
